Irda, lawful female dwarven Valkyrie # ----.-- --------- ----- |.....| |...[...| |()[| #......| |.......| |*[!| #|.....| |.......| |.*)| #|.....| ##........| |...| #|.....| # |........# --f-- #|.....| ### ---------# @ #--|-.-- # # rr% # #### # # # # # # # # # # ##### # # ---|----- # # # # # |.......| ########## ######## # ##........| # # --.-.----# |....<..| # |.......|# --------- |.......-# --------- Irda the Skirmisher Experience level: 4 Strength: 18 Dexterity: 15 Constitution: 18 Intelligence: 7 Wisdom: 8 Charisma: 10 Health: 0(49) Energy: 6(6) Def: 4 Gold: 102 Moves: 1207 Dungeon seed: FlPOCX_kCnkIVhUg Game ID: Irda_1523653229 Your Inventory: Coins $ - 102 gold pieces Weapons a - a blessed +1 long sword (weapon in hand) b - a +0 dagger s - a +0 crossbow Armor e - an uncursed +3 small shield (being worn) n - a cursed -1 studded leather armor q - an uncursed +0 pair of kicking boots Comestibles c - 3 uncursed food rations h - an uncursed melon k - 2 uncursed eggs Scrolls f - an uncursed scroll of teleportation j - a blessed scroll of identify o - an uncursed scroll of destroy armor Spellbooks g - an uncursed spellbook of light p - an uncursed spellbook of create familiar Potions d - an uncursed potion of extra healing i - a cursed potion of sickness m - an uncursed potion of levitation u - an uncursed potion of water v - a blessed potion of monster detection Rings r - an uncursed ring of warning Tools l - a magic marker (0:84) Spells and supernatural/magical abilities: Name Level Category Fail Memory W - pray for help -- divine ? -- Your skills at the end: Fighting Skills Weapon Skills dagger [Basic] long sword [Basic] Spellcasting Skills Final Attributes: You were piously aligned. You were cold resistant. You had infravision. You were stealthy. You were a wererat. You were unlucky. You are dead. Vanquished creatures: a giant mimic a small mimic a giant rat 5 jackals a fox a sewer rat 6 grid bugs 4 lichens 4 newts 24 creatures vanquished. Voluntary challenges: You used a wielded weapon 28 times, starting on turn 38. You read items or engraved 10 times, starting on turn 1172. You never genocided any monsters. You never polymorphed an object. You never changed form. You used no wishes. You never split a pudding. You wrote Elbereth's name 10 times, starting on turn 1172. You never violated your personal moral code. Dungeon overview: The Dungeons of Doom: levels 1 to 3 Level 1 a long staircase Level 2 a delicatessen, a fountain Level 3 <- You were here a general store History has recorded: On T:1 you entered the Dungeons of Doom to retrieve the Amulet of Yendor! On T:450 you reached level 2 of The Dungeons of Doom. On T:701 you advanced to experience level 2. On T:859 you advanced to experience level 3. On T:988 you reached level 3 of The Dungeons of Doom. On T:1186 you advanced to experience level 4. Score breakdown: Gold: 102 ( 6846 points) Experience: 4 levels ( 9649 points) Exploration: 3 levels ( 5.88%) ( 6000 points) Discoveries: 0 items ( 0.00%) ( 0 points) Valuables value: (no points given unless you survive) Artifact value: 0 ( 0 points) Variety of kills: 9 monsters ( 2.36%) ( 4610 points) Turncount: 1207 turns ( 0 points) Survival: died (score multiplied by 80%) Total score: 21684 Latest messages: The kitten drops 6 runed arrows. The wererat changes into a rat. The wererat summons help! The wererat hits! The giant rat bites! The wererat bites! You feel feverish. You miss the giant rat. The wererat bites! The giant rat just misses! The wererat bites! You drop a giant mimic corpse. Your movements are now unencumbered. The giant rat bites! The wererat summons help! The wererat bites! The kitten misses the sewer rat. The kitten bites the sewer rat. The sewer rat is killed! You kill the giant rat! The wererat bites! You begin praying to Tyr. The wererat bites! (2x) You die... Final status: Farvel Irda the Valkyrie, killed by a wererat, while praying... You died in The Dungeons of Doom on dungeon level 3 with 21684 points, and 102 pieces of gold, after 1207 moves. You were level 4 with a maximum of 49 hit points when you died.